 Dungeon Crawl Stone Soup version 0.31-a0-564-g3b7de120b3 (webtiles) character file.

Game seed: 9343697062712587958

150 Arcadio the Caller (level 5, -5/30 HPs)
             Began as a Deep Elf Summoner on Aug 17, 2023.
             Slain by Sigmund
             ... wielding a +0 scythe
              (7 damage)
             ... on level 2 of the Dungeon.
             The game lasted 00:07:25 (2101 turns).

Arcadio the Caller (Deep Elf Summoner)              Turns: 2101, Time: 00:07:25

Health: -5/30      AC:  2    Str:  5    XL:     5   Next: 10%
Magic:  14/14      EV: 13    Int: 22    God:
Gold:   42         SH:  0    Dex: 15    Spells: 7/13 levels left

rFire   . . .        c - +0 dagger
rCold   + . .        (no shield)
rNeg    . . .        a - +0 robe
rPois   +            (no helmet)
rElec   .            (no cloak)
rCorr   .            (no gloves)
SInv    .            (no boots)
Will    .....        (no amulet)
Stlth   +            (no ring)
HPRegen 0.25/turn    (no ring)
MPRegen 0.14/turn

%: no passive effects
@: confused
A: cold resistance 1, poison resistance, robust 1
a: no special abilities


You were on level 2 of the Dungeon.
You visited 1 branch of the dungeon, and saw 2 of its levels.

You collected 64 gold pieces.
You spent 22 gold pieces at shops.

Inventory:

Hand Weapons
 c - a +0 dagger (weapon)
Armour
 a - a +0 robe (worn)
Scrolls
 e - a scroll of immolation {unknown}
 g - a scroll of silence {unknown}
 h - 2 scrolls of fog {unknown}
 i - a scroll of blinking {unknown}
 k - a scroll of fear {unknown}
 r - a scroll of identify
Potions
 b - 2 potions of magic
 f - a potion of enlightenment


   Skills:
 + Level 4.2 Dodging
 - Level 2.4 Stealth
 + Level 4.8 Spellcasting
 + Level 5.3 Summonings


You had 7 spell levels left.
You knew the following spells:

 Your Spells              Type           Power      Damage    Failure   Level
a - Summon Small Mammal   Summ           100%       N/A       1%          1
b - Call Imp              Summ           56%        N/A       1%          2
c - Call Canine Familiar  Summ           28%        N/A       3%          3

Your spell library contained the following spells:

 Spells                   Type           Power      Damage    Failure   Level
 Summon Guardian Golem    Hex/Summ       17%        N/A       11%         3
 Summon Lightning Spire   Summ/Air       17%        N/A       34%         4


Dungeon Overview and Level Annotations

Branches:
Dungeon (2/15) Zot: 9898

Altars:
Makhleb

Shops:
D:1 ?   D:2 =

Annotations:
D:2 1 runed translucent door, Crazy Yiuf, Sigmund


Innate Abilities, Weirdness & Mutations

Your flesh is cold resistant. (rC+)
Your system is resistant to poisons. (rPois)
You are robust. (+10% HP)


Message History

You disentangle yourself.
There is an open door here.
The helpless Sigmund fails to defend himself.
You hit Sigmund.
Sigmund is moderately wounded.
Sigmund points at you and mumbles some strange words.
You are confused.
You're too confused to cast spells.
Okay, then.
It was a potion of ambrosia.
You are more confused.
You feel invigorated.
Sigmund screams, "Die, monster!"
Sigmund points at you and mumbles some strange words.
You are more confused.
You bump into the rock wall.
Sigmund barely misses you.
You hit Sigmund but do no damage.
Sigmund is moderately wounded.
You bump into the rock wall.
Sigmund barely misses you. Sigmund hits you with a +0 scythe.
You hit Sigmund.
Sigmund is moderately wounded.
It was a potion of mutation.
You feel extremely strange.
You feel robust.
You feel resistant to cold.
You feel resistant to poisons.
Sigmund gestures wildly while chanting.
Sigmund flickers and vanishes!
Deactivating autopickup; reactivate with Ctrl-A.
You feel less invigorated. Something hits you. Something hits you.
You're too confused to move!
Something completely misses you. Something barely misses you.
You miss something. Something hits you! x2
* * * LOW HITPOINT WARNING * * *
Non-targeted confused throw: throwing net
Press: ? - help, Q - select action, (/) - cycle Dir - look around, f - activate You throw a throwing net.
Something hits you!
You die...

..# #.#.#.#.. #)..# #..###. .)#
#.....#... ##### #...### ..#
#.#.#.# ... #....# ..###.....#
#.###### #....# .#.##....##
......# ##...###
...####.########....######...###.
##.............'..(.+.......###..
....###.########(...#######.##...
.#.##...........@.{.+ #...)..
..÷##.#.#####.##....########...##
.#....#..)........>..............
...#########################.####
.#..........#∩#.....##......>...#
...##########'#####.##.##..#.#.##
#### #.........#..........#.#.##
# #.#................<.#.#...
#######.#.#######..........#.####


There were no monsters in sight!

Vanquished Creatures
  Natasha (D:2)
  2 endoplasms (D:1)
  2 goblins (D:2)
  A hobgoblin (D:2)
  2 ball pythons
  A frilled lizard (D:2)
9 creatures vanquished.

Vanquished Creatures (collateral kills)
  Jessica (D:2)
  Natasha (twice) (D:2)
  A dart slug (D:2)
  4 endoplasms (D:2)
  4 giant cockroaches
  3 goblins
  2 hobgoblins
  2 quokkas (D:1)
  3 ball pythons
  4 bats (D:1)
  2 frilled lizards (D:1)
  4 kobolds
  4 rats (D:1)
36 creatures vanquished.

Grand Total: 45 creatures vanquished

Notes
Turn   | Place    | Note
-------+----------+-------------------------------------------
     0 | D:1      | Arcadio the Deep Elf Summoner began the quest for the Orb.
     0 | D:1      | Reached XP level 1. HP: 10/10 MP: 6/6
   160 | D:1      | Reached XP level 2. HP: 15/15 MP: 6/8
   188 | D:1      | Learned a level 2 spell: Call Imp
   813 | D:1      | Found Virazxoh's Magic Scroll Boutique.
   820 | D:1      | Bought a scroll of identify for 22 gold pieces
  1080 | D:2      | Reached XP level 3. HP: 19/19 MP: 8/10
  1105 | D:2      | Noticed Jessica
  1134 | D:2      | Killed Jessica
  1197 | D:2      | Reached skill level 5 in Summonings
  1256 | D:2      | Found a burning altar of Makhleb.
  1419 | D:2      | Reached XP level 4. HP: 24/24 MP: 9/12
  1423 | D:2      | Learned a level 3 spell: Call Canine Familiar
  1463 | D:2      | Noticed Natasha
  1479 | D:2      | Killed Natasha
  1595 | D:2      | Found Gad Ytaicw's Jewellery Boutique.
  1617 | D:2      | Found a faded altar of an unknown god.
  1630 | D:2      | Noticed Natasha
  1638 | D:2      | Killed Natasha
  1708 | D:2      | Noticed Natasha
  1717 | D:2      | Killed Natasha
  1718 | D:2      | Reached XP level 5. HP: 15/28 MP: 9/14
  1802 | D:2      | Found a runed translucent door.
  1803 | D:2      | Noticed Crazy Yiuf
  1849 | D:2      | Noticed Sigmund
  2090 | D:2      | Gained mutation: You are robust. (+10% HP) [potion of
                  | mutation]
  2090 | D:2      | Gained mutation: Your flesh is cold resistant. (rC+)
                  | [potion of mutation]
  2090 | D:2      | Gained mutation: Your system is resistant to poisons.
                  | (rPois) [potion of mutation]
  2099 | D:2      | HP: 1/30 [something (12)]
  2101 | D:2      | Slain by Sigmund

Illustrated notes

Levels and vault maps discovered:
D:1:      grunt_arrival_crossed_arrows, layout_loops_ring, serial_shops, shop
D:2:      layout_basic, ebering_ecumenical_altar_webs, serial_glass,
          glass_columns_c, glass_columns_b, glass_columns_b, glass_columns_b,
          glass_columns_a, glass_columns_b, basic_altar, serial_shops,
          nicolae_shop_window_shopping, minivault_19, uniq_sigmund,
          uniq_crazy_yiuf_cottage, uniq_jessica, uniq_natasha

Skill      XL: |  1  2  3  4 |
---------------+-------------+-----
Dodging        | 3 4 |  4.2
Spellcasting   | 4 |  4.8
Summonings     | 5 |  5.3
Stealth        | |  2.4

Action                     |  1- 3 |  4- 6 || total
---------------------------+-------+-------++-------
  Melee: Unarmed           |    10 |       ||    10
         Dagger            |    35 |    20 ||    55
         Punch             |     2 |       ||     2
  Throw: Throwing net      |       |     1 ||     1
   Cast: Summon Small Mamm |    25 |     3 ||    28
         Call Imp          |    15 |     4 ||    19
         Call Canine Famil |       |     2 ||     2
    Use: Scroll            |     1 |       ||     1
         Potion            |       |     2 ||     2
   Stab: Sleeping          |       |     3 ||     3
         Distracted        |       |     1 ||     1
 Armour: Robe              |     7 |     2 ||     9
  Dodge: Dodged            |    46 |    14 ||    60

Table legend: (Time is in decaauts)
 A = Elapsed time spent in this place.
 B = Non-inter-level travel time spent in this place.
 C = Inter-level travel time spent in this place.
 D = Time resting spent in this place.
 E = Time spent auto-exploring this place.
 F = Levels seen in this place.
 G = Mean time per level.
                   A        B        C        D        E       F      G
               +--------+--------+--------+--------+--------+-----+--------+
         Total |   2100 |   2078 |     22 |     50 |   1332 |   2 | 1050.0 |
       Dungeon |   2100 |   2078 |     22 |     50 |   1332 |   2 | 1050.0 |
               +--------+--------+--------+--------+--------+-----+--------+

Top non-repeatable levels by time:
     D:1: 1058 daAuts
     D:2: 1041 daAuts
